 Seeded DCSS version 0.27.1-34-g3ba077fa99 (webtiles) character file.

Game seed: 17853175367328873602 (custom seed)

3202 pkoi the Carver (level 9, -3/72 HPs)
             Began as a Minotaur Fighter on Jan 23, 2022.
             Was a Believer of Qazlal.
             Splashed by an oklob plant's acid (9 damage)
             ... on level 6 of the Dungeon.
             The game lasted 00:07:22 (4832 turns).

pkoi the Carver (Minotaur Fighter)                  Turns: 4832, Time: 00:07:22

Health: -3/72      AC:  4    Str: 31    XL:     9   Next: 65%
Magic:  21/21      EV: 10    Int:  5    God:    Qazlal [**....]
Gold:   1034       SH: 15    Dex: 11    Spells: 8/8 levels left

rFire    + . .     SeeInvis .   b - +10 zealot's sword {holy, *Rage rN+ EV+3}
rCold    . . .     Faith    .   c - +0 kite shield
rNeg     + + .     Spirit   .   g - +5 plate armour of Catatonia {rN+ Dex+2}
rPois    +         Reflect  .   (helmet restricted)
rElec    .         Harm     .   (no cloak)
rCorr    .         Rampage  .   (no gloves)
Will     .....     Rnd*Rage +   (no boots)
Stlth    ..........             (no amulet)
HPRegen  0.22/turn              i - ring "Zofryec" {rPois rF+ MP+9}
MPRegen  0.17/turn              l - +6 ring of strength

@: corroded, on berserk cooldown, slowed, very slow
A: horns 2, retaliatory headbutt
a: Renounce Religion, Upheaval


You were on level 6 of the Dungeon.
You worshipped Qazlal.
Qazlal was pleased with you.
You visited 1 branch of the dungeon, and saw 6 of its levels.

You collected 1563 gold pieces.
You spent 529 gold pieces at shops.

Inventory:

Hand Weapons
 a - a +1 long sword of draining
 b - the +10 zealot's sword (weapon) {holy, *Rage rN+ EV+3}
   (You acquired it on level 3 of the Dungeon)

   It has been blessed by the Shining One to cause great damage to the undead
   and demons.
   Whenever the wielder enters a berserk rage, their allies are berserked
   alongside them.
   EV:        It affects your evasion (+3).
   rN:        It protects you from negative energy.
   *Rage:     It may make you go berserk in combat.
Missiles
 r - a throwing net (quivered)
Armour
 c - a +0 kite shield (worn)
 g - the +5 plate armour of Catatonia (worn) {rN+ Dex+2}
   (You acquired it on level 1 of the Dungeon)

   Dex:       It affects your dexterity (+2).
   rN:        It protects you from negative energy.
Jewellery
 i - the ring "Zofryec" (left hand) {rPois rF+ MP+9}
   (You bought it in a shop on level 1 of the Dungeon)

   [ring of poison resistance]

   rF:        It protects you from fire.
   rPois:     It protects you from poison.
   MP:        It affects your magic capacity (+9).
 l - a +6 ring of strength (right hand)
 t - a ring of fire
Wands
 m - a wand of digging (6)
Scrolls
 h - 2 scrolls of magic mapping
 o - a scroll of holy word
 v - a scroll of enchant weapon
Potions
 d - 3 potions of might
 e - a potion of heal wounds
 f - 3 potions of lignification
 j - 2 potions of brilliance {unknown}
 k - 2 potions of berserk rage {unknown}
 n - a potion of haste
 p - a potion of cancellation {unknown}
 q - a potion of curing
 s - 2 potions of mutation {unknown}
 u - a potion of magic {unknown}


   Skills:
 - Level 4.3 Fighting
 - Level 12.0 Long Blades
 - Level 4.2 Armour
 - Level 1.4 Dodging
 + Level 9.1 Shields
 + Level 6.4 Invocations
 - Level 0.1 Evocations


You had 8 spell levels left.
You didn't know any spells.
Your spell library contained the following spells:

 Spells                   Type           Power      Damage    Failure   Level
 Call Canine Familiar     Summ           0%         N/A       100%        3
 Gell's Gravitas          Tloc           0%         N/A       100%        3
 Lesser Beckoning         Tloc           0%         N/A       100%        3
 Ozocubu's Armour         Ice            0%         N/A       100%        3
 Portal Projectile        Hex/Tloc       0%         N/A       100%        3
 Teleport Other           Tloc           0%         N/A       100%        3
 Leda's Liquefaction      Hex/Erth       0%         N/A       100%        4
 Ozocubu's Refrigeration  Ice            0%         4d5       100%        7


Dungeon Overview and Level Annotations

Branches:
Dungeon (6/15)             Temple (0/1) D:5

Altars:
Fedhas
Kikubaaqudgha
Qazlal
Yredelemnul

Shops:
D:1 (=[[   D:3 [

Portals:
Abyss: D:5

Annotations:
D:3 1 runed translucent door, LustLizard's ghost, amateur MiBe
D:5 2 transporters, DemonSlayer's ghost, novice DsBe
D:6 exclusion: oklob plant


Innate Abilities, Weirdness & Mutations

You have a pair of horns on your head.
You reflexively headbutt those who attack you in melee.


Message History

You slash the endoplasm!
You kill the endoplasm!
Qazlal accepts your kill.
The endoplasm hits you but does no damage.
You block the endoplasm's attack. The endoplasm hits you.
You feel a strong urge to attack something.
You are no longer berserk.
You are exhausted.
You feel yourself slow down. The endoplasm freezes you.
You are frozen.
You slash the oklob plant! You headbutt the oklob plant!
The oklob plant is moderately damaged.
The endoplasm freezes you.
You are frozen.
You block the endoplasm's attack.
You hit the oklob plant but do no damage.
You headbutt the oklob plant!
The oklob plant is heavily damaged.
The endoplasm hits you but does no damage.
You block the endoplasm's attack. The oklob plant spits acid at you.
The splash of acid hits you!
* * * LOW HITPOINT WARNING * * *
You are splashed with acid!
* * * LOW HITPOINT WARNING * * *
You hit the oklob plant but do no damage.
You headbutt the oklob plant.
The oklob plant is heavily damaged.
The endoplasm freezes you.
You are frozen.
* * * LOW HITPOINT WARNING * * *
The endoplasm is engulfed in freezing vapours.
You kill the endoplasm!
Qazlal accepts your kill. The oklob plant spits acid at you.
The splash of acid hits you!
* * * LOW HITPOINT WARNING * * *
The acid corrodes you!
You are splashed with acid!
You die...

.....##.......####....#....####..
.....#........## #.......# ##.
...............###......# ##
.....#....##....##......# #
....##...####........##..
....###...############ #...#
##...#####...### ....#
##...##.°.....# ##..##
##...'.○@P...# .#...##
##.##.J.....# ..##..##
######...### #......# #####
...###..# #..# #.. ...## .#..#
###.#


You could see an oklob plant and an endoplasm.

Vanquished Creatures
  A two-headed ogre (D:6)
  6 yaks (D:5)
  A water moccasin (D:6)
  2 ogres
  2 centaurs
  A gnoll sergeant (D:6)
  2 scorpions (D:5)
  A wyvern skeleton (D:6)
  A water moccasin skeleton (D:4)
  A crimson imp (D:4)
  3 centaur zombies
  A hound (D:5)
  6 jellies (D:6)
  A bullfrog skeleton (D:6)
  4 iguanas
  Jessica (D:3)
  Terence (D:3)
  Natasha (thrice) (D:2)
  An orc wizard (D:3)
  3 hound skeletons
  Robin (D:3)
  7 adders
  9 gnolls
  A shadow imp (D:6)
  3 white imps
  An ufetubus (D:5)
  2 worms
  2 dart slugs (D:1)
  3 orcs (D:3)
  17 endoplasms
  3 giant cockroaches
  12 goblins
  14 hobgoblins
  2 jackals (D:5)
  5 quokkas
  11 ball pythons
  3 bats
  4 frilled lizards
  10 kobolds
  6 rats
  A butterfly (D:5)
159 creatures vanquished.

Vanquished Creatures (others)
  5 fungi (D:6)
5 creatures vanquished.

Grand Total: 164 creatures vanquished

Notes
Turn   | Place    | Note
-------+----------+-------------------------------------------
     0 | D:1      | pkoi the Minotaur Fighter began the quest for the Orb.
     0 | D:1      | Reached XP level 1. HP: 19/19 MP: 0/0
     2 | D:1      | Reached skill level 9 in Long Blades
     2 | D:1      | Reached XP level 2. HP: 26/26 MP: 1/1
     7 | D:1      | Found Ymiphipywn's Antique Armour Shoppe.
    94 | D:1      | Found a faded altar of an unknown god.
   182 | D:1      | Identified a scroll of acquirement
   182 | D:1      | Acquired the +5 plate armour of Catatonia {rN+ Dex+2}
   250 | D:1      | Found Edghybrae's Jewellery Shoppe.
   278 | D:1      | Found Lisolata's Antique Armour Shoppe.
   319 | D:1      | Reached XP level 3. HP: 33/33 MP: 2/2
   612 | D:1      | Found Jipnam's Antique Weapon Shoppe.
   640 | D:2      | Noticed Natasha
   648 | D:2      | Killed Natasha
   802 | D:2      | Noticed Natasha
   806 | D:2      | Reached XP level 4. HP: 31/40 MP: 3/3
   829 | D:2      | Killed Natasha
  1109 | D:2      | Noticed Natasha
  1121 | D:2      | Killed Natasha
  1253 | D:2      | Reached XP level 5. HP: 46/46 MP: 4/4
  1256 | D:2      | Found an ancient bone altar of Kikubaaqudgha.
  1280 | D:2      | Acquired 563 gold pieces
  1329 | D:1      | Bought the ring "Zofryec" {rPois rF+ MP+9} for 529 gold
                  | pieces
  1699 | D:3      | Noticed Jessica
  1704 | D:3      | Killed Jessica
  1705 | D:3      | Reached skill level 1 in Dodging
  1727 | D:3      | Found Laukhlesu's Armour Emporium.
  1761 | D:3      | Found a blossoming altar of Fedhas.
  1779 | D:3      | Acquired the +10 zealot's sword {holy, *Rage rN+ EV+3}
  1779 | D:3      | Found the +10 zealot's sword {holy, *Rage rN+ EV+3}
  1821 | D:3      | Noticed Robin
  1831 | D:3      | Killed Robin
  1971 | D:3      | Found a runed translucent door.
  1971 | D:3      | Noticed LustLizard's ghost (amateur MiBe)
  1993 | D:3      | Noticed Terence
  1996 | D:3      | Killed Terence
  2014 | D:3      | Reached XP level 6. HP: 53/53 MP: 5/5
  2072 | D:3      | Found a stormy altar of Qazlal.
  2238 | D:3      | Became a worshipper of Qazlal Stormbringer
  2592 | D:4      | Reached skill level 1 in Invocations
  3103 | D:4      | Reached skill level 5 in Shields
  3242 | D:5      | Entered Level 5 of the Dungeon
  3270 | D:5      | Reached XP level 7. HP: 60/60 MP: 7/7
  3454 | D:5      | Reached * piety under Qazlal
  3463 | D:5      | Reached skill level 10 in Long Blades
  3563 | D:5      | Noticed a yak
  3564 | D:5      | Noticed a yak
  3565 | D:5      | Noticed a yak
  3565 | D:5      | Noticed a yak
  3566 | D:5      | Noticed a yak
  3569 | D:5      | Noticed a yak
  3592 | D:5      | Killed a yak
  3593 | D:5      | Killed a yak
  3594 | D:5      | Reached XP level 8. HP: 67/67 MP: 9/9
  3785 | D:5      | Found a basalt altar of Yredelemnul.
  3838 | D:5      | Reached skill level 11 in Long Blades
  3843 | D:5      | Found a staircase to the Ecumenical Temple.
  3936 | D:5      | Noticed DemonSlayer's ghost (novice DsBe)
  3940 | D:5      | Found a transporter.
  3950 | D:5      | Found a one-way gate to the infinite horrors of the Abyss.
  3994 | D:5      | Found a transporter.
  4113 | D:6      | Reached skill level 5 in Invocations
  4116 | D:6      | Reached XP level 9. HP: 72/72 MP: 11/11
  4450 | D:6      | Acquired 820 gold pieces
  4491 | D:6      | Noticed a two-headed ogre
  4502 | D:6      | Killed a two-headed ogre
  4795 | D:6      | Noticed an oklob plant
  4816 | D:6      | Reached ** piety under Qazlal
  4824 | D:6      | Reached skill level 12 in Long Blades
  4832 | D:6      | Splashed by an oklob plant's acid

Illustrated notes

Levels and vault maps discovered:
D:1:      psy_arrival_basics, layout_rooms, hellmonk_ecumenical_altar_run_dry,
          serial_shops, nicolae_lakefront_shop, shop, shop, shop
D:2:      minmay_chambers_of_twos, layout_basic, basic_altar,
          hangedman_decor_growths, uniq_natasha
D:3:      layout_rooms, mainiacjoe_overflow_brackets, general_overflow_altar,
          serial_shops, nicolae_shop_crystal, ebering_ghost_inner_flame,
          uniq_jessica, uniq_robin, uniq_terence
D:4:      layout_loops_ring, minmay_fire_ice_demons
D:5:      layout_rooms, overflow_temple_1_default,
          minmay_temple_entry_butterflies, gammafunk_ghost_abyssal_escape
D:6:      lemuel_slime, layout_layer_cave, mainiacjoe_overflow_catwalk,
          minmay_between, uniq_pikel

Skill      XL: |  1  2  3  4  5  6  7  8  9 |
---------------+----------------------------+-----
Long Blades    | 9 10 11 12 | 12.0
Shields        | 4 5 6 7 9 |  9.1
Fighting       | 4 |  4.3
Dodging        | 1 |  1.4
Armour         | 4 |  4.2
Invocations    | 1 3 5 6 |  6.4
Evocations     | |  0.1

Action                   |  1- 3 |  4- 6 |  7- 9 || total
-------------------------+-------+-------+-------++-------
Melee: Long sword        |    71 |    86 |       ||   157
       Headbutt          |     7 |    21 |    27 ||    55
       Eudemon blade     |       |    64 |   119 ||   183
  Use: Potion            |     4 |     1 |       ||     5
       Scroll            |     5 |     6 |     3 ||    14
Armor: Plate armour      |    28 |    80 |    33 ||   141
       Scale mail        |     7 |       |       ||     7
Dodge: Dodged            |     6 |    27 |    27 ||    60
Block: Kite shield       |    38 |    55 |    72 ||   165
       Rpst.: Long sword |     2 |       |       ||     2
       Eudemon blade     |       |     2 |     2 ||     4
